 Dungeon Sprint DCSS version 0.30.1-9-gdf580d7c3d (webtiles) character file.

Game seed: 6218882332984328194

13274 Heoruswealwe the Phalangite (level 11, -5/119 HPs)
             Began as a Minotaur Fighter on Sept 24, 2023.
             Was an Initiate of Gozag.
             Slain by an orc warrior
             ... wielding a +0 dire flail
              (23 damage)
             ... in the Dungeon (Sprint IX: "|||||||||||||||||||||||||||||").
             The game lasted 00:15:34 (1880 turns).

Heoruswealwe the Phalangite (Minotaur Fighter)      Turns: 1880, Time: 00:15:34

Health: -5/119     AC: 23    Str: 25    XL:     11   Next: 73%
Magic:  10/10      EV:  8    Int:  5    God:    Gozag
Gold:   6268       SH:  0    Dex: 10    Spells: 10/10 levels left

rFire   . . .        b - +0 glaive
rCold   . . .        (shield currently unavailable)
rNeg    . . .        c - +0 plate armour
rPois   .            (helmet restricted)
rElec   .            h - +0 cloak
rCorr   .            f - +0 pair of gloves
SInv    .            (no boots)
Will    .....        (no amulet) Stlth
                     k - +2 ring of protection
HPRegen 0.39/turn    (no ring)
MPRegen 0.12/turn

%: no teleportation
@: gold aura
A: horns 2, retaliatory headbutt
a: Renounce Religion, Potion Petition, Call Merchant, Bribe Branch


You were in the Dungeon.
You worshipped Gozag.
Gozag was greatly pleased with you.
You visited 1 branch You collected 6268 gold pieces.

Inventory:

Hand Weapons
 a - a +0 trident
 b - a +0 glaive (weapon)
Armour
 c - a +0 plate armour (worn)
 d - a +0 buckler
 f - a +0 pair of gloves (worn)
 h - a +0 cloak (worn)
Jewellery
 k - a +2 ring of protection (left hand)
Wands
 n - a wand of acid (10)
Scrolls
 i - 4 scrolls of enchant weapon
 j - a scroll of blinking
 o - 2 scrolls of identify
Potions
 l - a potion of might
 m - a potion of invisibility


   Skills:
 + Level 18.0 Fighting
 * Level 24.1 Polearms
 + Level 18.0 Armour
 - Level 3.6 Shields


You had 10 spell levels left.
You didn't know any spells.
Your spell library was empty.

Dungeon Overview and Level Annotations

Branches:
Dungeon (1/1)

Altars:
Cheibriados
Dithmenos
Elyvilon
Fedhas
Gozag
Hepliaklqana
Kikubaaqudgha
Makhleb
Nemelex Xobeh
Okawaru
Qazlal
Ru
Sif Muna
Trog
Uskayaw
Vehumet
Wu Jian
Xom
Yredelemnul
Zin
The Shining One
Jiyva
Lugonu

Shops:
D :=


Innate Abilities, Weirdness & Mutations

You have a pair of horns on your head.
You reflexively headbutt those who attack you in melee.


Message History

The orc knight is heavily wounded.
You slice the orc knight!!
The orc knight is severely wounded.
The orc knight hits you with a +0 broad axe!
* * * LOW HITPOINT WARNING * * *
You barely miss the orc knight. Your headbutt misses the orc knight.
The orc knight is severely wounded.
The orc warrior no longer looks unusually strong.
An orc knight comes into view. It is wielding a +0 war axe.
The orc knight closely misses you.
The orc knight shouts!
You hit the orc knight but do no damage.
You headbutt the orc knight, but do no damage.
The orc knight is severely wounded.
You slice the orc knight!!
You kill the orc knight!
The orc knight is distracted by your dazzling golden aura.
The orc warrior is distracted by your dazzling golden aura. x2
Your Fighting skill increases to level 18!
Your Polearms skill increases to level 24!
The orc warrior shouts! x2; The orc knight shouts!
You slash the orc warrior!
The orc warrior is moderately wounded.
The orc warrior is no longer distracted by gold. x2
The orc warrior completely misses you. You furiously retaliate!
You headbutt the orc warrior!
You hit the orc warrior but do no damage.
You headbutt the orc warrior!
You kill the orc warrior!
Your Armour skill increases to level 18!
You slash the orc warrior! Your headbutt misses the orc warrior.
The orc warrior is heavily wounded.
You slice the orc warrior!!
You kill the orc warrior!
The orc knight is no longer distracted by gold.
You slice the orc warrior!!
The orc warrior is severely wounded.
The orc warrior hits you with a +0 dire flail!!
You die...
Your body crumbles into a pile of gold. ▓▓▓▓▓▓▓▓▓▓▓▓▓▓▓▓▓▓▓▓▓▓▓▓ [))))))).......$@oo$$o.∩$ $ $$$$$

▓▓▓▓▓▓▓▓▓▓▓▓▓▓▓▓▓▓▓▓▓▓▓▓▓▓▓▓▓▓▓▓▓
.................................
▓▓▓▓▓▓▓▓▓▓▓▓▓▓▓▓▓▓▓▓▓▓▓▓▓▓▓▓▓▓▓▓▓
......'.........'........?[..'..[
▓▓▓▓▓▓▓▓▓▓▓▓▓▓▓▓▓▓▓▓▓▓▓▓▓▓▓▓▓▓▓▓▓
.................................
▓▓▓▓▓▓▓▓▓▓▓▓▓▓▓▓▓▓▓▓▓▓▓▓▓▓▓▓▓▓▓▓▓
________________'!?)[.[.=.').....


You could see an orc knight and 2 orc warriors.

Vanquished Creatures
  2 catoblepae (D)
  2 hydras (D)
  A death yak (D)
  5 orc knights (D)
  2 orc sorcerers (D)
  A deep elf pyromancer (D)
  An ugly thing (D)
  An elephant (D)
  2 black mambas (D)
  A komodo dragon (D)
  3 cane toads (D)
  A rime drake (D)
  A rime drake (shapeshifter) (D)
  A shadow (D)
  A slime creature (D)
  A wraith (D)
  A wyvern (D)
  6 yaks (D)
  A vampire (D)
  A basilisk (D)
  A vampire mosquito (D)
  A water moccasin (D)
  An acid dragon (D)
  12 orc warriors (D)
  An ogre (D)
  5 bullfrogs (D)
  A scorpion (D)
  A killer bee (D)
  2 orc priests (D)
  A hound (D)
  An iguana (D)
  4 orc wizards (D)
  9 orcs (D)
  An endoplasm (D)
  A giant cockroach (D)
  A goblin (D)
  A hobgoblin (D)
  A frilled lizard (D)
80 creatures vanquished.

Notes
Turn   | Place    | Note
-------+----------+-------------------------------------------
     0 | D        | Heoruswealwe the Minotaur Fighter began the quest for the
                  | Orb.
     0 | D        | Reached XP level 1. HP: 19/19 MP: 0/0
     6 | D        | Reached skill level 3 in Polearms
    42 | D        | Noticed an iguana
    42 | D        | Noticed a scorpion
    42 | D        | Noticed a hound
    42 | D        | Noticed an ogre
    46 | D        | Killed an iguana
    47 | D        | Reached skill level 5 in Fighting
    47 | D        | Reached skill level 5 in Polearms
    47 | D        | Reached skill level 5 in Armour
    47 | D        | Reached XP level 2. HP: 20/29 MP: 1/1
    47 | D        | Reached XP level 3. HP: 25/36 MP: 2/2
    52 | D        | Killed a scorpion
    53 | D        | Reached skill level 7 in Polearms
    53 | D        | Reached XP level 4. HP: 29/44 MP: 3/3
    56 | D        | Reached skill level 8 in Polearms
    60 | D        | Killed an ogre
    61 | D        | Reached skill level 10 in Polearms
    61 | D        | Reached XP level 5. HP: 38/53 MP: 4/4
    67 | D        | Found a snail-covered altar of Cheibriados.
    67 | D        | Found a shadowy altar of Dithmenos.
    67 | D        | Found a white marble altar of Elyvilon.
    67 | D        | Found a blossoming altar of Fedhas.
    67 | D        | Found an opulent altar of Gozag.
    68 | D        | Found a hazy altar of Hepliaklqana.
    69 | D        | Found a viscous altar of Jiyva.
    70 | D        | Found an ancient bone altar of Kikubaaqudgha.
    71 | D        | Found a corrupted altar of Lugonu.
    72 | D        | Found a burning altar of Makhleb.
    73 | D        | Found a sparkling altar of Nemelex Xobeh.
    74 | D        | Found an iron altar of Okawaru.
    75 | D        | Found a stormy altar of Qazlal.
    77 | D        | Became a worshipper of Gozag Ym Sagoz the Greedy
    79 | D        | Found a sacrificial altar of Ru.
    80 | D        | Found a shimmering blue altar of Sif Muna.
    81 | D        | Found a bloodstained altar of Trog.
    82 | D        | Found a hide-covered altar of Uskayaw.
    83 | D        | Found a radiant altar of Vehumet.
    84 | D        | Found an ornate altar of the Wu Jian Council.
    85 | D        | Found a shimmering altar of Xom.
    86 | D        | Found a basalt altar of Yredelemnul.
    87 | D        | Found a glowing silver altar of Zin.
    88 | D        | Found a glowing golden altar of the Shining One.
   141 | D        | Noticed a shadow
   141 | D        | Noticed a vampire mosquito
   141 | D        | Noticed a wraith
   141 | D        | Noticed an acid dragon
   148 | D        | Killed a shadow
   149 | D        | Reached skill level 12 in Polearms
   149 | D        | Reached XP level 6. HP: 51/63 MP: 5/5
   151 | D        | Killed a vampire mosquito
   152 | D        | Reached XP level 7. HP: 55/71 MP: 6/6
   168 | D        | Killed a wraith
   169 | D        | Reached skill level 10 in Fighting
   169 | D        | Reached skill level 13 in Polearms
   169 | D        | Reached skill level 10 in Armour
   170 | D        | Reached skill level 14 in Polearms
   268 | D        | Noticed a rime drake
   268 | D        | Noticed a vampire
   268 | D        | Noticed a deep elf pyromancer
   268 | D        | Noticed a purple ugly thing
   268 | D        | Noticed a slime creature
   268 | D        | Noticed a six-headed hydra
   275 | D        | Killed a rime drake
   276 | D        | Reached XP level 8. HP: 76/82 MP: 7/7
   279 | D        | Reached skill level 15 in Polearms
   283 | D        | Killed a deep elf pyromancer
   284 | D        | Reached skill level 16 in Polearms
   288 | D        | Killed a purple ugly thing
   289 | D        | Reached XP level 9. HP: 69/92 MP: 8/8
   292 | D        | Reached skill level 17 in Polearms
   297 | D        | Killed an 11-headed hydra
   298 | D        | Reached skill level 18 in Polearms
   638 | D        | Noticed a cane toad
   644 | D        | Killed a cane toad
   649 | D        | Noticed a komodo dragon
   650 | D        | Noticed a black mamba
   667 | D        | Killed a komodo dragon
   668 | D        | Reached skill level 19 in Polearms
   673 | D        | Killed a black mamba
   674 | D        | Reached XP level 10. HP: 48/104 MP: 9/9
   897 | D        | Noticed a cane toad
   897 | D        | Noticed a black mamba
   897 | D        | Noticed a cane toad
   901 | D        | Noticed a seven-headed hydra
   917 | D        | Killed a cane toad
   918 | D        | Noticed an elephant
   921 | D        | Reached skill level 15 in Fighting
   921 | D        | Reached skill level 20 in Polearms
   931 | D        | Killed a 14-headed hydra
   932 | D        | Reached skill level 15 in Armour
   935 | D        | Killed a black mamba
   940 | D        | Killed a cane toad
   949 | D        | Killed an elephant
   950 | D        | Reached skill level 21 in Polearms
   970 | D        | Noticed a death yak
   970 | D        | Noticed a catoblepas
   970 | D        | Noticed a catoblepas
   984 | D        | Killed a death yak
   997 | D        | Killed a catoblepas
  1014 | D        | Killed a catoblepas
  1015 | D        | Reached skill level 22 in Polearms
  1015 | D        | Reached XP level 11. HP: 34/115 MP: 10/10
  1479 | D        | Noticed an orc knight
  1479 | D        | Noticed an orc sorcerer
  1481 | D        | Noticed an orc sorcerer
  1492 | D        | Killed an orc knight
  1499 | D        | Killed an orc sorcerer
  1502 | D        | Killed an orc sorcerer
  1503 | D        | Reached skill level 23 in Polearms
  1544 | D        | HP: 4/117 [orc priest/divine providence (11)]
  1837 | D        | Found Guuho's Book Emporium.
  1837 | D        | Noticed an orc knight
  1837 | D        | Noticed an orc knight
  1837 | D        | Noticed an orc knight
  1843 | D        | Killed an orc knight
  1850 | D        | Killed an orc knight
  1852 | D        | Noticed an orc knight
  1861 | D        | Killed an orc knight
  1869 | D        | Found Ulont's Jewellery Shoppe.
  1873 | D        | Noticed an orc knight
  1875 | D        | Killed an orc knight
  1876 | D        | Reached skill level 24 in Polearms
  1880 | D        | Slain by an orc warrior

Illustrated notes

Levels and vault maps discovered:
D:        linesprint [early_d, line_temple, items_1, d_10, items_2, lair_1,
          lair_end, items_3, orc_1, orc_end, items_4, d_15, swamp_1, shoals_1,
          snake_1, spider_1, d_20, vaults_1, items_5, swamp_end, shoals_end,
          snake_end, spider_end, vaults_end, d_27, items_6, zot_1, zot_end,
          crypt_end, forest_end, elf_end, slime_end, tomb_end, abyss_end,
          pan_hell_end]

Skill      XL: |  1  2  3  4  5  6  7  8  9 10 11 |
---------------+----------------------------------+-----
Polearms       | 5 7 10 12 14 16 19 22 24 | 24.1
Fighting       | 5 6 7 9 11 12 14 16 18 | 18.0
Armour         | 5 6 7 9 11 12 14 16 18 | 18.0
Shields        | |  3.6

Action                     |  1- 3 |  4- 6 |  7- 9 | 10-12 || total
---------------------------+-------+-------+-------+-------++-------
  Melee: Trident           |    24 |     8 |       |       ||    32
         Headbutt          |     2 |     2 |    19 |    44 ||    67
         Halberd           |       |     9 |    73 |   142 ||   224
         Glaive            |       |       |       |    41 ||    41
    Use: Potion            |       |       |     1 |    15 ||    16
         Scroll            |       |       |       |     1 ||     1
   Stab: Distracted        |       |       |     1 |     1 ||     2
         Petrified         |       |       |       |     2 ||     2
         Petrifying        |       |       |       |     1 ||     1
 Armour: Scale mail        |     3 |     4 |    31 |    49 ||    87
         Chain mail        |       |       |       |    15 ||    15
         Plate armour      |       |       |       |     3 ||     3
  Dodge: Dodged            |     7 |     7 |    24 |    29 ||    67
  Block: Buckler           |     6 |       |       |       ||     6
